 Dungeon Crawl Stone Soup version 0.17.1-1-g73c8601 (webtiles) character file.

215 Implojin the Ruffian (level 5, -3/50 HPs)
             Began as a Troll Monk on Mar 31, 2016.
             Slain by Natasha (8 damage)
             ... on level 3 of the Dungeon.
             The game lasted 00:02:28 (442 turns).

Implojin the Ruffian (Troll Monk)                    Turns: 442, Time: 00:02:28

Health: -3/50      AC:  5    Str: 19    XL:     5   Next: 60%
Magic:  4/4        EV: 10    Int:  6    God:
Gold:   8          SH:  0    Dex: 13    Spells: 0 memorised, 4 levels left

rFire  . . .     SeeInvis .       - Unarmed
rCold  . . .     Clarity  .     a - +0 robe
rNeg   . . .     SustAt   .     (no shield)
rPois  .         Gourm    +     (helmet restricted)
rElec  .         Spirit   .     (no cloak)
rCorr  .         Warding  .     (gloves unavailable)
rMut   .         Stasis   .     (boots unavailable)
MR     .....                    (no amulet)
Stlth  +.........               (no ring)
                                j - ring of flight

@: not resistant to hostile enchantments, very unstealthy
A: unfitting armour, claws 3, fast metabolism 3, gourmand, regeneration 2,
shaggy fur 1, tough skin 2
a: Evoke Flight


You were on level 3 of the Dungeon.
You were not hungry.

You visited 1 branch of the dungeon, and saw 3 of its levels.

You collected 8 gold pieces.

Inventory:

Armour
 a - a +0 robe (worn)
Jewellery
 j - a ring of flight (left claw)
Scrolls
 c - a scroll of remove curse {unknown}
 d - 3 scrolls of teleportation {unknown}
 h - 2 scrolls of fog {unknown}
 i - 2 scrolls of random uselessness {unknown}
Potions
 e - 3 potions of curing {unknown}
Books
 f - a book of Necromancy

   Spells                             Type                      Level
   a - Pain                           Necromancy                   1
   b - Animate Skeleton               Necromancy                   1
   c - Vampiric Draining              Necromancy                   3
   d - Regeneration                   Charms/Necromancy            3
   e - Animate Dead                   Necromancy                   4
   f - Control Undead                 Necromancy                   4
Comestibles
 b - 2 bread rations
 g - 5 fruits


   Skills:
 - Level 2.4 Fighting
 - Level 2.4 Dodging
 - Level 1.1 Stealth
 * Level 7.0 Unarmed Combat


You had 4 spell levels left.
You didn't know any spells.

Dungeon Overview and Level Annotations

Branches:
Dungeon (3/15)

Altars:
Dithmenos

Annotations:
D:3 Natasha


Innate Abilities, Weirdness & Mutations

You are too large for most types of armour.
You have claws for hands.
Your metabolism is lightning-fast.
You like to eat raw meat.
You heal very quickly.
You are covered in fur (AC +1).
You have very tough skin (AC +2).


Message History

Natasha casts a spell next to you.
A cloud of flames roars to life!
You miss Natasha.
Natasha is moderately wounded.
You closely miss Natasha.
Natasha is moderately wounded.
Natasha claws you!
* * * LOW HITPOINT WARNING * * *
You closely miss Natasha.
Natasha is moderately wounded.
Natasha barely misses you.
Unknown command.
You miss Natasha.
Natasha is moderately wounded.
Natasha claws you but does no damage.
Unknown command.
You barely miss Natasha.
Natasha is moderately wounded.
Natasha extends her claws.
Natasha barely misses you.
Unknown command.
You closely miss Natasha.
Natasha is moderately wounded.
Natasha claws you.
* * * LOW HITPOINT WARNING * * *
You barely miss Natasha.
Natasha is moderately wounded.
Natasha claws you.
* * * LOW HITPOINT WARNING * * *
You claw Natasha!
Natasha is almost dead.
Unknown command.
You scratch Natasha but do no damage.
Natasha is almost dead.
Natasha closely misses you.
Unknown command.
You closely miss Natasha.
Natasha is almost dead.
Natasha claws you!
You die...

#.##.##.# #.#
#.##.##.#
#######.##....#
.
...$.<..##.....
..
#######......#
## #.##...# #.#
...# #######§#
.# #....h@§# #
#.#######


You could see Natasha.

Vanquished Creatures
  A hippogriff (D:3)
  3 adders
  4 gnolls (D:3)
  A giant gecko (D:3)
  A hobgoblin (D:2)
  3 bats
  A giant newt (D:2)
  3 kobolds
17 creatures vanquished.

Notes
Turn   | Place    | Note
--------------------------------------------------------------
     0 | D:1      | Implojin the Troll Monk began the quest for the Orb.
     0 | D:1      | Reached XP level 1. HP: 22/22 MP: 0/0
   117 | D:2      | Reached XP level 2. HP: 27/29 MP: 1/1
   121 | D:2      | Found a shadowy altar of Dithmenos.
   273 | D:3      | Reached skill level 5 in Unarmed Combat
   273 | D:3      | Reached XP level 3. HP: 36/36 MP: 2/2
   313 | D:3      | Reached XP level 4. HP: 7/44 MP: 3/3
   345 | D:3      | Noticed a hippogriff
   405 | D:3      | Killed a hippogriff
   405 | D:3      | Reached skill level 7 in Unarmed Combat
   405 | D:3      | Reached XP level 5. HP: 11/50 MP: 4/4
   425 | D:3      | Noticed Natasha
   442 | D:3      | Slain by Natasha

Action                   |  1- 3 |  4- 6 || total
-------------------------+-------+-------++-------
Melee: Unarmed           |    55 |    38 ||    93
  Eat: Chunk             |     1 |     1 ||     2

Table legend:
 A = Turns spent in this place as a percentage of turns spent in the entire game.
 B = Non-inter-level travel turns spent in this place as a percentage of non-inter-level travel turns spent in the entire game.
 C = Inter-level travel turns spent in this place as a percentage of turns spent in this place.
 D = Turns resting spent in this place as a percentage of non-inter-level travel turns spent in this place.
 E = Turns spent auto-exploring this place as a percentage of non-inter-level travel turns spent in this place.
 F = Non-inter-level travel turns spent in this place divided by the number of levels of this place that you've seen.
                   A       B       C       D       E      F
               +-------+-------+-------+-------+-------+----------------------
         Total | 100.0 | 100.0 |   0.0 |   0.0 |   0.0 | 144.3
       Dungeon | 100.0 | 100.0 |   0.0 |   0.0 |   0.0 | 144.3
               +-------+-------+-------+-------+-------+----------------------

Table legend:
 A = Kills in this place as a percentage of kills in entire the game.
 B = Kills by you in this place as a percentage of kills by you in the entire game.
 C = Kills by friends in this place as a percentage of kills by friends in the entire game.
 D = Other kills in this place as a percentage of other kills in the entire game.
 E = Experience gained in this place as a percentage of experience gained in the entire game.
 F = Experience gained in this place divided by the number of levels of this place that you have seen.
                   A       B       C       D       E      F
               +-------+-------+-------+-------+-------+----------------------
         Total | 100.0 | 100.0 |  -nan |  -nan | 100.0 | 102.7
       Dungeon | 100.0 | 100.0 |  -nan |  -nan | 100.0 | 102.7
               +-------+-------+-------+-------+-------+----------------------
